 Dungeon Crawl Stone Soup version 0.29-a0-418-gc0181ea820 (webtiles) character file.

Game seed: 12988932627438224119

740 Hubjo the Magician (level 7, -1/43 HPs)
             Began as a Deep Elf Fire Elementalist on May 17, 2022.
             Slain by a killer bee (8 damage)
             ... on level 5 of the Dungeon.
             The game lasted 00:05:51 (4873 turns).

Hubjo the Magician (Deep Elf Fire Elementalist)     Turns: 4873, Time: 00:05:51

Health: -1/43      AC:  2    Str:  5    XL:     7   Next: 46%
Magic:  26/26      EV: 12    Int: 22    God:
Gold:   885        SH:  5    Dex: 15    Spells: 16/17 levels left

rFire   + + .      SeeInvis .   i - +9 hunting sling of Hubjo's Painful Death {vorpal, rF+ rN++}
rCold   x . .      Faith    .   (no shield)
rNeg    + + .      Spirit   .   a - +0 robe
rPois   .          Reflect  +   (no helmet)
rElec   .          Harm     .   (no cloak)
rCorr   .          Rampage  .   (no gloves)
Will    .....                   (no boots)
Stlth   +++.......              p - amulet of reflection
HPRegen 0.14/turn               e - ring of fire
MPRegen 0.20/turn               s - ring of magical power

@: lethally poisoned (-1 -> -3), about to teleport
A: no striking features
a: no special abilities


You were on level 5 of the Dungeon.
You visited 1 branch of the dungeon, and saw 5 of its levels.
You also visited: Sewer.

You collected 885 gold pieces.

Inventory:

Hand Weapons
 i - the +9 hunting sling of Hubjo's Painful Death (weapon) {vorpal, rF+ rN++}
   (You found it on level 2 of the Dungeon)

   Any ammunition fired from it inflicts extra damage upon your enemies.
   rF:        It protects you from fire.
   rN:        It greatly protects you from negative energy.
Missiles
 r - 2 throwing nets
Armour
 a - a +0 robe (worn)
Jewellery
 d - a ring of poison resistance
 e - a ring of fire (left hand)
 p - an amulet of reflection (around neck)
 s - a ring of magical power (right hand)
Scrolls
 c - 3 scrolls of fog {unknown}
 g - 2 scrolls of vulnerability {unknown}
 h - 2 scrolls of teleportation
 k - 3 scrolls of summoning {unknown}
 m - 2 scrolls of amnesia
 n - 2 scrolls of enchant weapon
 q - a scroll of noise {unknown}
 t - a scroll of blinking
Potions
 b - 3 potions of magic
 f - 3 potions of heal wounds
 j - a potion of resistance
 l - a potion of invisibility {unknown}
 o - a potion of lignification {unknown}
 u - 3 potions of haste {unknown}
 v - a potion of berserk rage {unknown}


   Skills:
 + Level 4.0 Fighting
 - Level 2.4 Dodging
 + Level 5.3 Stealth
 + Level 5.6 Spellcasting
 - Level 1.1 Conjurations
 * Level 5.3 Fire Magic


You had 16 spell levels left.
You knew the following spells:

 Your Spells              Type           Power      Damage    Failure   Level
a - Foxfire               Conj/Fire      100%       2x1d9     2%          1

Your spell library contained the following spells:

 Spells                   Type           Power      Damage    Failure   Level
 Scorch                   Fire           88%        2d9       1%          2
 Shock                    Conj/Air       32%        1d5       8%          1
 Conjure Flame            Conj/Fire      30%        6-21      8%          3
 Inner Flame              Hex/Fire       27%        N/A       10%         3
 Flame Wave               Conj/Fire      30%        2d8       26%         4
 Swiftness                Air            6%         N/A       28%         3
 Airstrike                Air            3%         N/A       67%         4


Dungeon Overview and Level Annotations

Branches:
Dungeon (5/15)              Sewer (visited)
 Temple: D:4-7

Altars:
Cheibriados
Qazlal
Ru

Annotations:
D:4 Ijyb


Message History

No target in view!
No target in view!
v - a sapphire potion You now have 885 gold pieces (gained 19).
You open the door.
There is an open door here.
You hear an angry buzzing noise.
A killer bee is nearby!
There's something in the way.
There's something in the way.
There's something in the way.
A killer bee is nearby!
Found a stormy altar of Qazlal.
The killer bee buzzes angrily.
There are monsters nearby!
There are monsters nearby!
There's something in the way.
There's something in the way.
You open the door.
The killer bee buzzes angrily.
Found a scroll labelled CIRAUS CUTADD.
The killer bee stings you but does no damage.
There is an open door here.
The killer bee stings you! The killer bee closely misses you.
The killer bee barely misses you. The killer bee stings you!
You block the killer bee's attack.
The killer bee attacks as you move away!
The killer bee stings you.
You are poisoned.
The killer bee poisons you!
You feel sick. The killer bee misses you. The killer bee stings you.
The killer bee attacks as you move away!
The killer bee stings you.
You feel sick. The killer bee barely misses you. x3
You feel sick. The killer bee completely misses you. The killer bee misses you.
As you read the scroll of teleportation, it crumbles to dust.
You feel strangely unstable.
You feel sick. The killer bee misses you. The killer bee stings you.
* * * LOW HITPOINT WARNING * * *
The killer bee stings you!
You die...

#..... ...# ..
....##.#.#... ....#.#.#...
..... ........... .....
#..#....# #. #.... §
###..#....# #.. #.... §§§
#...?.....# #... #....
§§§§#...y@...# ...#....
§§§§#...y....# #†.÷..
#####........## #####.#.#
_......'##.#...... ...#.##
#####.#.##..#.###..##≈#yy≈
§§§§#..........# ##.≈≈≈÷≈≈
§§§§#...##......##≈≈##≈≈≈≈
§§§ #...# ......#≈≈≈≈≈..≈≈
§§ #...# ...#.≈≈≈≈≈.⌠.≈


You could see 2 killer bees.

Vanquished Creatures
  A water moccasin (D:5)
  Pargi (Sewer)
  A scorpion (D:5)
  A killer bee (D:5)
  2 hounds (D:4)
  An orc priest (D:3)
  An iguana (D:4)
  An orc wizard (D:4)
  11 gnolls
  4 adders
  An ufetubus (D:5)
  14 dart slugs
  4 worms
  12 orcs
  8 ball pythons
  5 endoplasms
  3 giant cockroaches (D:1)
  13 goblins
  5 hobgoblins
  2 jackals (D:2)
  2 quokkas (D:4)
  6 bats
  7 frilled lizards
  6 kobolds
  A rat (D:1)
113 creatures vanquished.

Vanquished Creatures (others)
  138 foxfires
  A plant (D:4)
139 creatures vanquished.

Grand Total: 252 creatures vanquished

Notes
Turn   | Place    | Note
-------+----------+-------------------------------------------
     0 | D:1      | Hubjo the Deep Elf Fire Elementalist began the quest for
                  | the Orb.
     0 | D:1      | Reached XP level 1. HP: 10/10 MP: 6/6
   424 | D:1      | Reached XP level 2. HP: 16/16 MP: 6/8
   829 | D:1      | Reached skill level 1 in Fighting
   975 | D:1      | You fall into a shaft and drop 1 floor!
  1147 | D:2      | Identified the +9 hunting sling of Hubjo's Painful Death
                  | {vorpal, rF+ rN++}
  1252 | D:1      | Reached XP level 3. HP: 16/20 MP: 4/9
  1912 | D:2      | Found a snail-covered altar of Cheibriados.
  1966 | D:2      | Found a faded altar of an unknown god.
  2297 | D:3      | Reached XP level 4. HP: 26/26 MP: 11/11
  2464 | D:3      | Reached XP level 5. HP: 13/30 MP: 11/13
  3206 | D:4      | Reached XP level 6. HP: 24/37 MP: 14/14
  3351 | D:4      | Noticed Ijyb
  3523 | D:4      | Found a glowing drain.
  3568 | Sewer    | Entered a sewer
  3638 | Sewer    | Noticed Pargi
  3643 | Sewer    | Killed Pargi
  3644 | Sewer    | Reached skill level 5 in Spellcasting
  3808 | D:4      | Found a sacrificial altar of Ru.
  3949 | D:4      | Identified a scroll of acquirement
  3953 | D:4      | Acquired 597 gold pieces
  4001 | D:5      | Entered Level 5 of the Dungeon
  4161 | D:5      | Noticed a water moccasin
  4168 | D:5      | Killed a water moccasin
  4169 | D:5      | Reached skill level 5 in Stealth
  4169 | D:5      | Reached XP level 7. HP: 18/42 MP: 17/17
  4224 | D:5      | Reached skill level 5 in Fire Magic
  4375 | D:5      | HP: 2/43 [poisoned by a killer bee]
  4863 | D:5      | Found a stormy altar of Qazlal.
  4873 | D:5      | Slain by a killer bee

Illustrated notes

Levels and vault maps discovered:
D:1:      evilmike_arrival_hilbert_curve, layout_loops_ring
D:2:      layout_rooms, shapermc_ecumenical_altar_flowoftime, basic_altar,
          columned_hall_lemuel
D:3:      layout_loops_ring
D:4:      cheibrodos_old_hovel, layout_basic, nicolae_ru_sacrificial_ziggurat,
          cheibrodos_sewer_entry_sluice, uniq_ijyb
D:5:      kennysheep_slugbush, layout_basic, nicolae_qazlal_eye_of_the_storm,
          amcnicky_altar_gilded

Skill      XL: |  1  2  3  4  5  6  7 |
---------------+----------------------+-----
Fighting       | 1 2 3 4 |  4.0
Stealth        | 3 4 5 |  5.3
Spellcasting   | 4 5 |  5.6
Fire Magic     | 4 5 |  5.3
Dodging        | |  2.4
Conjurations   | |  1.1

Action                   |  1- 3 |  4- 6 |  7- 9 || total
-------------------------+-------+-------+-------++-------
Melee: Unarmed           |     2 |     2 |       ||     4
       Hunting sling     |       |     2 |       ||     2
 Fire: Hunting sling     |    17 |   141 |    19 ||   177
 Cast: Foxfire           |    94 |     1 |       ||    95
  Use: Potion            |       |     1 |       ||     1
       Scroll            |       |     6 |     2 ||     8
Armor: Robe              |     4 |     5 |     2 ||    11
       Skin              |       |     1 |       ||     1
Dodge: Dodged            |     7 |    25 |    15 ||    47
Block: Other             |       |    10 |     7 ||    17

Table legend: (Time is in decaauts)
 A = Elapsed time spent in this place.
 B = Non-inter-level travel time spent in this place.
 C = Inter-level travel time spent in this place.
 D = Time resting spent in this place.
 E = Time spent auto-exploring this place.
 F = Levels seen in this place.
 G = Mean time per level.
                   A        B        C        D        E       F      G
               +--------+--------+--------+--------+--------+-----+--------+
         Total |   4992 |   4930 |     62 |    385 |   3867 |   6 |  832.0 |
       Dungeon |   4837 |   4775 |     62 |    385 |   3756 |   5 |  967.4 |
         Sewer |    154 |    154 |      0 |      0 |    111 |   1 |  154.0 |
               +--------+--------+--------+--------+--------+-----+--------+

Top non-repeatable levels by time:
     D:1: 1610 daAuts
     D:3: 912 daAuts
     D:5: 897 daAuts
     D:4: 854 daAuts
     D:2: 563 daAuts
   Sewer: 154 daAuts
